Cogmind - Beta 14 @@@ ROGUE MODE // 2024.12.04 @ 17:16:08 Player: zicraftian Result: Destroyed by G-47 Trooper with Particle Gun Performance ------------- Evolutions (2) 1000 Regions Visited (4) 800 Robots Destroyed (41) 205 Value Destroyed (1314) 1314 Prototype IDs (2) 40 Alien Tech Used (0) 0 Bonus (-67) -67 TOTAL SCORE: 3292 Bonus ------- High Alert Combat Kills 8 Friendly Fire -75 Cogmind --------- Core Integrity 0/550 Matter 300/300 Energy 300/300 System Corruption 9% Temperature Cool (9) Movement Core (150) Ox2 Location -8/Materials Parts ------- > --- POWER (1) -------- (None) > --- PROPULSION (3) --- (None) > --- UTILITY (4) ------ Compact Battery > --- WEAPON (3) ------- Ion Cannon > --- INVENTORY (5) ---- Light Deuterium Engine Peak State ------------ > --- POWER ------------ Light Deuterium Engine > --- PROPULSION ------- Aluminum Leg Aluminum Leg Aluminum Leg > --- UTILITY ---------- Improved Heat Sink Improved Heat Sink Improved Heat Sink Compact Battery > --- WEAPON ----------- Medium Laser Ion Cannon Ion Cannon > --- INVENTORY -------- Light Deuterium Engine Light Deuterium Engine Aluminum Leg Light Armor Plating Ion Cannon [Rating: 26] Favorites ----------- Power Ion Engine Engine Ion Engine Propulsion Aluminum Leg Leg Aluminum Leg Utility Improved Heat Sink Device Improved Heat Sink Storage Small Storage Unit Protection Light Armor Plating Weapon Improved Medium Laser Energy Gun Improved Medium Laser Energy Cannon EM Pulse Cannon Ballistic Gun Assault Rifle Launcher Grenade Launcher Build | -11 -10 -9 -9 -8 ------- Run | Yrd Mat Mat Sto Mat Slots Evolved 4 | . . 2 . 2 Power . | . . . . . Propulsion 1 | . . 1 . . Utility 2 | . . 1 . 1 Weapon 1 | . . . . 1 Parts Attached 46 | 7 1 7 12 19 Power 6 | 1 . . 2 3 Engine 6 | 1 . . 2 3 Core . | . . . . . Reactor . | . . . . . Propulsion 12 | 2 . 2 6 2 Treads . | . . . . . Leg 12 | 2 . 2 6 2 Wheel . | . . . . . Hover . | . . . . . Flight . | . . . . . Utility 12 | 1 1 1 2 7 Device 6 | . . 1 1 4 Storage 3 | 1 . . . 2 Processor . | . . . . . Hackware . | . . . . . Protection 3 | . 1 . 1 1 Artifact . | . . . . . Weapon 16 | 3 . 4 2 7 Energy Gun 8 | 1 . 3 2 2 Energy Cannon 5 | . . . . 5 Ballistic Gun 2 | 2 . . . . Ballistic Cannon . | . . . . . Launcher 1 | . . 1 . . Special Weapon . | . . . . . Impact Weapon . | . . . . . Slashing Weapon . | . . . . . Piercing Weapon . | . . . . . Special Melee Weapon . | . . . . . Unidentified Prototypes 2 | . . 1 1 . Corrupted Parts 2 | . . . 1 1 System Corruption 13 | . . . 6 7 Parts Lost 20 | . . 1 4 15 Power 2 | . . . . 2 Propulsion 6 | . . . 2 4 Utility 7 | . . 1 1 5 Weapon 5 | . . . 1 4 Highest Loss Streak 10 | . . 1 4 10 To Critical Strikes . | . . . . . Average Slot Usage (%) 87 | . 96 81 88 88 Engine 9 | . 14 11 11 8 Leg 26 | . 28 27 31 24 Device 13 | . . 4 7 22 Storage 8 | . 14 11 11 5 Protection 5 | . 11 5 4 4 Energy Gun 13 | . 14 11 17 12 Energy Cannon 5 | . . . . 11 Ballistic Gun 2 | . 14 6 . . Launcher 1 | . . 4 4 . Peak Build Rating 26 | 6 7 10 11 26 Average Rating 14 | 4 6 8 10 20 On Entrance 6 | . 6 7 10 11 Naked Turns . | . . . . . Heaviest Build 27 | 14 17 18 19 27 Greatest Support 30 | 20 20 30 30 30 Greatest Overweight (x) 3 | . . . 1 3 Average Overweight (x) . | . . . . . Largest Inventory Capacity 8 | 8 8 8 8 8 Average Capacity 6 | 5 8 8 8 5 Most Carried 8 | 5 5 6 7 8 Average Carried 5 | 2 4 4 5 5 Final Capacity 8 | 8 8 8 8 5 Final Carried 6 | 4 5 6 5 1 Class Distribution -------------------- 45% | Mutant 19% | Scavenger-Mutant 15% | Scavenger-Tank 10% | Gunner 9% | Scavenger-Gunner Dominant Class ---------------- Mutant | -10/Materials Mutant | -9/Materials Scavenger-Mutant | -9/Storage Scavenger-Tank | -8/Materials Resources | -11 -10 -9 -9 -8 ----------- Run | Yrd Mat Mat Sto Mat Matter Collected 824 | 177 47 222 223 155 Remotely . | . . . . . Salvage Created 1450 | . 47 429 409 565 Parts 91 | . 2 27 24 38 Haulers Intercepted 1 | . . . 1 . Recyclers Shooed 1 | . . . 1 . Parts Field Recycled . | . . . . . Retrieved Matter . | . . . . . Parts Self-Destructed . | . . . . . Prevented . | . . . . . Kills | -11 -10 -9 -9 -8 ------- Run | Yrd Mat Mat Sto Mat Combat Hostiles Destroyed 33 | . 1 12 8 12 Melee 2 | . . . . 2 Guns 21 | . 1 10 6 4 Cannons 6 | . . . . 6 AOE 4 | . . 2 2 . Classes Destroyed 10 | . 1 4 3 2 Builder 3 | . . 1 . 2 Hauler 1 | . . . 1 . Mechanic 1 | . . . . 1 Operator 1 | . . . . 1 Watcher 2 | . . . 1 1 Swarmer 7 | . . 4 . 3 Grunt 16 | . 1 5 4 6 Brawler 2 | . . 1 1 . Duelist 1 | . . . 1 . Sentry 7 | . . 2 2 3 Best Kill Streak 5 | . 1 4 3 5 Combat Bots Only 4 | . 1 4 2 3 Max Kills in Single Turn 2 | . 1 1 2 2 Gunslinging . | . . . . . Exploded 1 | . . 1 1 . Melee 1 | . . . . 1 Uniques/NPCs Destroyed . | . . . . . Combat | -11 -10 -9 -9 -8 -------- Run | Yrd Mat Mat Sto Mat Hostile Shots Fired 250 | . 1 49 55 145 Missed 66 | . . 11 15 40 Damage Taken 3024 | . 11 433 637 1943 Core 736 | . . 78 107 551 Absorbed by Shields . | . . . . . Regen/Repaired (Parts) 65 | . . 65 . . Core Remaining (%) 84 | 100 100 . 53 . Volleys Fired 109 | . 1 27 27 54 Largest 3 | . 2 2 2 3 Hottest 182 | . 70 86 106 182 Shots Fired 234 | . 2 52 54 126 Gun 151 | . 2 47 43 59 Cannon 67 | . . . . 67 Launcher 16 | . . 5 11 . Special . | . . . . . Kinetic 22 | . 1 21 . . Thermal 160 | . 1 26 35 98 Explosive 16 | . . 5 11 . Electromagnetic 36 | . . . 8 28 Robot Hit Streak 8 | . 2 6 5 8 Robot Miss Streak 4 | . . 3 2 4 Penetration Max . | . . . . . Secondary Targets 1 | . . . 1 . Max Gunslinging Chain 1 | . . . 1 . Shots Hit Robots 113 | . 2 32 26 53 Core Hits 83 | . 2 21 22 38 Critical Kills 1 | . . 1 . . Critical Parts Destroyed . | . . . . . Critical Strikes 10 | . . 3 2 5 Burn 9 | . . 2 2 5 Destroy 1 | . . 1 . . Melee Attacks . | . . . . . Impact . | . . . . . Slashing . | . . . . . Piercing . | . . . . . Sneak Attacks . | . . . . . Combat Hostiles . | . . . . . Follow-up Attacks . | . . . . . Damage Inflicted 2851 | . 27 622 717 1485 Guns 1215 | . 27 412 445 331 Cannons 849 | . . . . 849 Explosions 639 | . . 183 269 187 Melee . | . . . . . Ramming 148 | . . 27 3 118 Kinetic 198 | . 14 184 . . Thermal 1634 | . 13 228 352 1041 Explosive 452 | . . 183 269 . Electromagnetic 419 | . . . 93 326 Impact . | . . . . . Slashing . | . . . . . Piercing . | . . . . . Highest Corruption 9 | . . . 6 9 Average Corruption 6 | . . . 6 8 Corruption Purged . | . . . . . Corruption Blocked . | . . . . . Effects 8 | . . . 5 3 Matter Fused 3 | . . . 1 2 Heat Flow Errors 1 | . . . 1 . Energy Discharges 3 | . . . 2 1 Alerts 1 | . . . 1 . Overload Shots . | . . . . . Overflow Damage 126 | . . . 13 113 Projectiles 31 | . . . . 31 Explosions 95 | . . . 13 82 Melee . | . . . . . Knockbacks 1 | . . . . 1 Impact 1 | . . . . 1 Kinetic . | . . . . . Secondary . | . . . . . Self-Inflicted Damage 441 | . . 38 66 337 Shots 9 | . . 2 3 4 Rammed 22 | . . . . 22 Targets Rammed 75 | . . 4 1 70 Kicked 53 | . . 4 1 48 Crushed . | . . . . . Highest Temperature 274 | . 18 66 274 144 Average Temperature 46 | . 9 24 71 33 Received Heat Transfer 1308 | . 6 102 282 918 Effects 1 | . . . 1 . Energy Bleed 1 | . . . 1 . Siege Activations . | . . . . . Robots Corrupted . | . . . . . Combat Hostiles . | . . . . . Parts Fried 5 | . . . 2 3 Impact Corruptions . | . . . . . Robots Melted . | . . . . . Combat Hostiles . | . . . . . Parts Melted 10 | . . 1 2 7 Heat Transferred 3924 | . 37 666 999 2222 Parts Sabotaged . | . . . . . Parts Stolen . | . . . . . Parts Stripped . | . . . . . Power Chain Reactions 1 | . . . . 1 Alert | -11 -10 -9 -9 -8 ------- Run | Yrd Mat Mat Sto Mat Peak Influence 404 | . 45 329 404 338 Initial 92 | . . 18 92 92 Average 181 | . 23 167 272 187 Maximum Alert Level 2 | . . 1 2 1 Low Security (%) 60 | 100 100 57 11 73 Level 1 36 | . . 42 76 26 Level 2 2 | . . . 11 . Level 3 . | . . . . . Level 4 . | . . . . . Level 5 . | . . . . . High Security . | . . . . . Max Security . | . . . . . Squads Dispatched 9 | . 1 2 4 2 Investigation 1 | . . . 1 . Extermination . | . . . . . Reinforcement 6 | . 1 2 1 2 Assault 1 | . . . 1 . Garrison 1 | . . . 1 . Intercept . | . . . . . Searches Triggered . | . . . . . Construction Impeded 2 | . . 1 . 1 Haulers Reinforced . | . . . . . Active Scanning Responses . | . . . . . Cargo Convoy Interrupts . | . . . . . Stealth | -11 -10 -9 -9 -8 --------- Run | Yrd Mat Mat Sto Mat Distress Signals 5 | . . . 1 4 Communications Jammed . | . . . . . Distress Signals . | . . . . . Times Spotted 64 | . 3 13 28 20 Peak Tracking Total 8 | . 2 4 8 4 Tactical Retreats 2 | . . 1 . 1 Traps | -11 -10 -9 -9 -8 ------- Run | Yrd Mat Mat Sto Mat Traps Triggered 1 | . . . 1 . Indirectly . | . . . . . Trap Hack Attempts . | . . . . . Triggered . | . . . . . Disarmed . | . . . . . Reprogrammed 2 | . . . . 2 Reused . | . . . . . Traps Extracted . | . . . . . Installed . | . . . . . Triggered . | . . . . . Machines | -11 -10 -9 -9 -8 ---------- Run | Yrd Mat Mat Sto Mat Machines Disabled 9 | . . . 3 6 Max in Single Turn 4 | . . . 2 4 Garrison Access 1 | . . . 1 . Machines Repaired . | . . . . . Machines Dismantled . | . . . . . Machines Sabotaged . | . . . . . Overloaded Fab Kills . | . . . . . Hacking | -11 -10 -9 -9 -8 --------- Run | Yrd Mat Mat Sto Mat Machines Accessed 4 | . . 2 . 2 Terminals 2 | . . 1 . 1 Fabricators . | . . . . . Repair Stations 1 | . . 1 . . Recycling Units . | . . . . . Scanalyzers 1 | . . . . 1 Garrison Access . | . . . . . Total Hacks 11 | . . 4 . 7 Successful 7 | . . 3 . 4 Failed 4 | . . 1 . 3 Catastrophic . | . . . . . Database Lockouts . | . . . . . Manual . | . . . . . Terminals 6 | . . 1 . 5 Fabricators . | . . . . . Repair Stations 3 | . . 3 . . Recycling Units . | . . . . . Scanalyzers 2 | . . . . 2 Garrison Access . | . . . . . Terminal Hacks 3 | . . 1 . 2 Reprogram Traps 1 | . . . . 1 Hauler Manifests 1 | . . . . 1 Zone Layout 1 | . . 1 . . Fabricator Hacks . | . . . . . Repair Station Hacks 2 | . . 2 . . Scan Component 1 | . . 1 . . Repair 1 | . . 1 . . Recycling Unit Hacks . | . . . . . Scanalyzer 2 | . . . . 2 Insert Component 1 | . . . . 1 Analyze 1 | . . . . 1 Garrison Access Hacks . | . . . . . Unauthorized Hacks . | . . . . . Terminals . | . . . . . Fabricators . | . . . . . Repair Stations . | . . . . . Recycling Units . | . . . . . Scanalyzers . | . . . . . Garrison Access . | . . . . . Data Cores Recovered . | . . . . . Used . | . . . . . Hacking Detections 2 | . . . . 2 Full Trace Events 1 | . . . . 1 Feedback Events . | . . . . . Feedback Blocked . | . . . . . Robot Schematics Acquired . | . . . . . Robots Built . | . . . . . Authchips . | . . . . . Time . | . . . . . Total Robot Build Rating . | . . . . . Part Schematics Acquired 1 | . . . . 1 Parts Built . | . . . . . Authchips . | . . . . . Time . | . . . . . Total Part Build Rating . | . . . . . Parts Repaired 1 | . . 1 . . Time 51 | . . 51 . . Parts Recycled . | . . . . . Recycled Matter . | . . . . . Retrieved Matter . | . . . . . Retrieved Components . | . . . . . Parts Scanalyzed 1 | . . . . 1 Part Schematics Acquired 1 | . . . . 1 Parts Damaged . | . . . . . Bothacking | -11 -10 -9 -9 -8 ------------ Run | Yrd Mat Mat Sto Mat Used RIF Installer . | . . . . . Robots Hacked . | . . . . . Non-combat . | . . . . . Combat . | . . . . . Robot Hacks Applied . | . . . . . Relay Couplers Released 3 | . . . 3 . Machine Destruction 3 | . . . 3 . Fabnet Peak Effective % . | . . . . . Robots Rewired . | . . . . . Allies Hacked . | . . . . . Hacks Repelled . | . . . . . Allies | -11 -10 -9 -9 -8 -------- Run | Yrd Mat Mat Sto Mat Total Allies . | . . . . . Largest Group . | . . . . . Highest-Rated Group . | . . . . . Highest-Rated Ally . | . . . . . Total Orders . | . . . . . Ally Attacks . | . . . . . Total Damage . | . . . . . Kills . | . . . . . Allies Corrupted . | . . . . . Allies Melted . | . . . . . Intel | -11 -10 -9 -9 -8 ------- Run | Yrd Mat Mat Sto Mat Robot Analysis Total . | . . . . . Derelict Logs Recovered . | . . . . . Drone Launches . | . . . . . Drone Recoveries . | . . . . . Exploration | -11 -10 -9 -9 -8 ------------- Run | Yrd Mat Mat Sto Mat Turns Passed 2434 | 112 138 526 467 1191 Spaces Moved 1393 | 82 91 307 291 622 Core 16 | 7 . . . 9 Treads . | . . . . . Legs 1377 | 75 91 307 291 613 Wheels . | . . . . . Hover . | . . . . . Flight . | . . . . . Fastest Speed 50 | 50 120 120 120 50 Average Speed 120 | 114 120 120 120 121 Slowest Speed 200 | 120 120 120 190 200 Overloaded Moves . | . . . . . Propulsion Burnouts . | . . . . . Robots Hopped . | . . . . . Cave-ins Triggered . | . . . . . Exploration Rate (%) 22 | 5 17 22 42 24 Regions Visited 4 Branch Regions 1 Pre-discovered Areas . | . . . . . Known Exits Taken . | . . . . . Unknown Exits Taken 4 | 1 1 1 1 . Scrap Searched . | . . . . . Spaces Dug 10 | . . 5 5 . Terrain Destroyed 124 | . . 40 68 16 Melee . | . . . . . Projectile 6 | . . . . 6 AOE 118 | . . 40 68 10 Terrain Rammed . | . . . . . Walls Destroyed . | . . . . . Machines Disabled . | . . . . . Actions | -11 -10 -9 -9 -8 --------- Run | Yrd Mat Mat Sto Mat Total 1919 | 101 118 412 354 934 Wait 221 | 2 24 57 6 132 Move 1389 | 81 90 306 290 622 Hop . | . . . . . Pick Up 49 | 10 2 7 11 19 Fast Attach . | . . . . . Attach 29 | 7 1 3 5 13 Detach 5 | 1 . 1 . 3 Swap 17 | . . 4 7 6 Drop 25 | . . 3 7 15 Fire 109 | . 1 27 27 54 Melee . | . . . . . Ram 22 | . . . . 22 Kick 53 | . . 4 1 48 Crush . | . . . . . Escape Stasis . | . . . . . Rewire . | . . . . . Trap . | . . . . . Miscellaneous . | . . . . . Route ------- -11/Scrapyard -10/Materials -9/Materials -9/Storage -8/Materials History --------- Turn | Location | Event 3 | -11/Scrapyard | Discovered new exit (range 15) 113 | -11/Scrapyard | Entered Materials 223 | -10/Materials | Discovered new exit (range 13) 251 | -10/Materials | Entered another Materials area 251 | -9/Materials | Evolved 2 slots: Propulsion x1, Utility x1 331 | -9/Materials | Build established: Mutant 657 | -9/Materials | Repaired Imp. Medium Laser 756 | -9/Materials | Discovered new exit (range 12) 777 | -9/Materials | Entered Storage 930 | -9/Storage | Met 01-MTF 1046 | -9/Storage | Lost 4 parts (2n1u1w) 1136 | -9/Storage | Discovered new exit (range 16) 1244 | -9/Storage | Entered Materials 1244 | -8/Materials | Accompanied by 1 ally (01-MTF) 1244 | -8/Materials | Evolved 2 slots: Utility x1, Weapon x1 1247 | -8/Materials | 01-MTF left 2325 | -8/Materials | Lost 3 parts (1p2n) 2362 | -8/Materials | Core integrity fell below 50% 2395 | -8/Materials | Core integrity fell below 20% 2435 | -8/Materials | Destroyed by G-47 Trooper with Particle Gun Last Messages --------------- 02407_ System corrupted: Matter fused (-9). 02409_ Critical hit (Burn: +37). 02419_ Lgt. Deuterium Engine destroyed. 02421_ Slammed into G-47 Trooper. 02422_ Acquired 4 matter. 02423_ Slammed into G-47 Trooper. 02424_ Acquired 1 matter. 02424_ Slammed into G-47 Trooper. 02425_ K-01 Serf collects debris. 02426_ Slammed into G-47 Trooper. 02426_ Destabilizing: System interference. 02426_ Ion Cannon temporarily disabled. 02427_ Slammed into G-47 Trooper. 02428_ K-01 Serf collects debris. 02429_ Slammed into G-47 Trooper. 02432_ K-01 Serf collects debris. 02433_ Slammed into G-47 Trooper. 02434_ K-01 Serf collects debris. 02435_ Slammed into G-47 Trooper. 02435_ K-01 Serf collects debris. Map ----- +----------------------------------------------------+ | ?????????????????????????????????????????????????? | | ?????????????????????????????????????????????????? | | ?????????????????????????????????????????????????? | | ?????????????????????????????????????????????????? | | ?????????????????????????????????????????????????? | | ?????????????????????????????????????????????????? | | ?????????????????????????????????????????????????? | | ?????????????????????????????????????????????????? | | ?????????????????????????????????????????????????? | | ?????????????????????????????????????????????????? | | ????????????????????????????????????????????????## | | ????????????????????????????????????????????????# | | ????????????????????????????????????????????????# | | ????????????????????????????????????????????????# | | ????????????????????????????????????????????????# | | ????????????????????#######?????????????????????# | | ????????????????????# ?????????????????????# | | ????????????????????# ???????????????????#### | | ????????????????????# ???????????????????# | | ????????????????????# ########??????????????# | | ????????????????????# # ]#??????????????# | | ????????????????????# #%T %% #+####+######??# | | ???????????????????## #%%%%!%# ???# | | ???????????????????## r#%%%%%%+ #??????????# | | ????????????????????# uk%% % %# #??????????# | | ????????????????????# #@% %%# #??????????# | | ????????????????????# #g k# ############ | | ???????????????????## # "" # # ## | | ??????????????????#"# # # # ## | | ????????????????? # # # """ ## | | ???????????????? ######## # """"" ## | | ??????????????? #??????# # """"" ## | | ??????????????####### #??????# + """"" ## | | ????????????????????# #??????# # """ ## | | ????????????????????# #??????# # ## | | ????????????????????# #??????# ############ | | ????????????????????# #??????# #??# ## | | ????????????????????# #??????# #??#[ """ ## | | ????????????????????# ???????# #??# """ ## | | ????????????????????# ???????# #??# """ ## | | ????????????????????? ???????# %#??# ## | | ???????????????????????????????# #??# !## | | ???????????????????????????????# #######+### | | ???????????????????????????????# % | | ???????????????????????????????# % | | ???????????????????????????????# | | ?????????????????????????????######+######+### | | ?????????????????????????????# """% % # ##### | | ????????????????????????????## " " ! # #???? | | ????????????????????????????# % # #???? | +----------------------------------------------------+ Best States ------------- Heat Dissipation 73 Energy Generation 14 Energy Capacity 540 Matter Stores 300 Matter Capacity 300 Sight Range 16 Terrain Scan Density 10 Armor Coverage 150 Evasion (%) 55 Item Schematics ----------------- Aluminum Leg | -8/Materials | Scanalyzed Robot Schematics ------------------ None Fabricated ------------ Nothing Alien Tech Used ----------------- None Achievements -------------- Loot Pinata Challenges ------------ None Game ------ Seed LayeredPiercingLoader Manual? 0 Play Time 00:35:35 Cumulative 9.0 hours Start 2024.12.04 @ 15:47:07 End 2024.12.04 @ 17:16:08 Sessions 4 Manual Loads 0 Difficulty Rogue Special Mode None Game No. 7 Rogue 7 Adventurer 0 Explorer 0 Win Type - Total 0 Types 0/0/0/0/0/0/0/0/0 Lore% 8 Gallery% 12 Achievement% 16 Wizard Run 0 Options --------- Layout 1 ASCII 0 Keyboard 1 Movement Numpad Keybinds 0 Fullscreen 1 Font 24/Smallcaps Map View 50x35 Zoom Use 0% Tactical HUD 1 Map Filters NONE Filters NONE Steam 1 RUN: af024fb7-3e54-4468-9dec-ebe2cf033aba